 Dungeon Crawl Stone Soup version 0.29-a0-284-gf9362112df (webtiles) character file.

Game seed: 12713166474154073905

13922 beng the Destroyer (level 11, -7/74 HPs)
             Began as a Demonspawn Conjurer on Mar 15, 2022.
             Was an Initiate of Gozag.
             Killed from afar by an ironbound frostheart (30 damage)
             ... by creeping frost
             ... in an ice cave.
             The game lasted 01:01:32 (13122 turns).

beng the Destroyer (Demonspawn Conjurer)           Turns: 13122, Time: 01:01:33

Health: -7/74      AC:  8    Str: 15    XL:     11   Next: 81%
Magic:  21/24      EV: 16    Int: 22    God:    Gozag
Gold:   1485       SH:  7    Dex: 12    Spells: 15/28 levels left

rFire   + . .      SeeInvis +   b - +1 hunting sling (vorpal)
rCold   + . .      Faith    .   K - +2 buckler {reflect}
rNeg    + . .      Spirit   .   I - +1 robe {rN+}
rPois   .          Reflect  +   (helmet unavailable)
rElec   .          Harm     .   u - scarf {rC+ rF+}
rCorr   .          Rampage  .   t - +2 pair of gloves
Will    .....                   (no boots)
Stlth   ++........              (no amulet)
HPRegen 0.22/turn               O - +4 ring of evasion
MPRegen 0.38/turn               k - +6 ring of strength

@: no status effects
A: antennae 3, slimy green scales 1, powered by death 1, magic regeneration
a: Renounce Religion, Potion Petition, Call Merchant, Bribe Branch


You were in an ice cave.
You worshipped Gozag.
Gozag was most pleased with you.
You visited 2 branches of the dungeon, and saw 10 of its levels.
You also visited: Ossuary and Ice Cave.

You collected 2267 gold pieces.
You spent 750 gold pieces at shops.
You paid 32 gold pieces to Gozag.

Inventory:

Hand Weapons
 a - a +3 short sword
 b - a +1 vorpal hunting sling (weapon)
 w - a +4 hand axe
Missiles
 m - 6 curare-tipped darts
Armour
 t - a +2 pair of gloves (worn)
 u - a scarf of resistance (worn)
 I - a +1 robe of positive energy (worn)
 K - a +2 buckler of reflection (worn)
Magical Staves
 v - a staff of conjuration
Jewellery
 e - a ring of flight
 k - a +6 ring of strength (right hand)
 B - a +6 ring of dexterity
 O - a +4 ring of evasion (left hand)
Wands
 g - a wand of paralysis (3)
 N - a wand of polymorph (12)
Scrolls
 c - a scroll of summoning
 d - 2 scrolls of noise
 h - a scroll of identify
 i - a scroll of vulnerability
 o - a scroll of fear {unknown}
 r - a scroll of torment
 s - a scroll of blinking
 x - 2 scrolls of enchant armour
 y - 2 scrolls of immolation
 A - a scroll of amnesia {unknown}
 D - a scroll of enchant weapon {unknown}
 F - 2 scrolls of teleportation
 L - 3 scrolls of fog
 M - a scroll of silence {unknown}
Potions
 f - 3 potions of lignification
 j - 4 potions of haste
 l - 4 potions of curing
 n - 2 potions of flight
 p - a potion of cancellation {unknown}
 q - a potion of magic
 z - 3 potions of mutation
 C - 2 potions of ambrosia
 E - a potion of brilliance {unknown}
 G - a potion of degeneration {unknown}
 H - 3 potions of heal wounds
 J - 2 potions of attraction
 P - 2 potions of might
Miscellaneous
 Q - a tin of tremorstones (2/2)


   Skills:
 + Level 2.8 Fighting
 - Level 2.0 Armour
 + Level 3.3 Dodging
 + Level 3.5 Stealth
 - Level 4.0 Shields
 - Level 9.1 Spellcasting
 - Level 14.0 Conjurations
 - Level 4.0 Hexes
 - Level 4.0 Translocations


You had 15 spell levels left.
You knew the following spells:

 Your Spells              Type           Power      Damage    Failure   Level
a - Magic Dart            Conj           100%       1d8       1%          1
b - Blink                 Tloc           54%        N/A       2%          2
r - Searing Ray           Conj           100%       2d8       1%          2
x - Iskenderun's Mystic   Conj/Tloc      49%        2d11      1%          4
z - Fulminant Prism       Conj/Hex       24%        3d13      1%          4

Your spell library contained the following spells:

 Spells                   Type           Power      Damage    Failure   Level
 Dazzling Flash           Conj/Hex       98%        N/A       1%          3
 Confusing Touch          Hex            27%        N/A       4%          3
 Lesser Beckoning         Tloc           27%        N/A       4%          3
 Summon Small Mammal      Summ           40%        N/A       9%          1
 Summon Guardian Golem    Hex/Summ       18%        N/A       11%         3
 Corpse Rot               Necr/Air       20%        N/A       13%         2
 Poisonous Vapours        Pois/Air       20%        N/A       13%         2
 Call Canine Familiar     Summ           10%        N/A       26%         3
 Manifold Assault         Tloc           27%        N/A       41%         5
 Yara's Violent Unravell  Hex/Tmut       9%         3d6       71%         5
 Enfeeble                 Hex            13%        N/A       100%        7


Dungeon Overview and Level Annotations

Branches:
Dungeon (9/15)             Temple (0/1) D:7            Lair (1/6) D:9
Ossuary (visited)           IceCv (1/1)
    Orc: D:9-12

Altars:
Fedhas
Gozag
Hepliaklqana
Wu Jian
Xom
The Shining One

Shops:
D:6 !***


Innate Abilities, Weirdness & Mutations

You have a pair of large antennae on your head. (SInv)
You are partially covered in slimy green scales. (AC +2)
You regenerate a little health from kills.
You regenerate magic rapidly.


Message History

The polar bear is knocked back by the mystic blast.
Casting: Iskenderun's Mystic Blast (dangerous; 1% risk of failure)
Confirm with . or Enter, or press ? or * to list all spells.
You erupt in a blast of force!
The mystic blast hits the polar bear!
You kill the polar bear!
Unknown command.
You now have 1463 gold pieces (gained 14).
You now have 1485 gold pieces (gained 22).
Found a tin of tremorstones (2/2).
o - a scroll labelled ZILOUNN YKHLE You see here a tin of tremorstones (2/2).
Q - a tin of tremorstones (2/2)
h - 2 scrolls of identify (gained 1)
As you read the scroll of identify, it crumbles to dust.
i - a scroll of vulnerability You sense a monster nearby.
You sense a monster nearby.
You sense a monster nearby.
An ironbound frostheart comes into view.
Unknown command.
The ironbound frostheart shouts!
The ironbound frostheart calls freezing cold from the walls.
The frost grips you!! You partially resist.
You are encased in ice.
Casting: Iskenderun's Mystic Blast (dangerous; 1% risk of failure)
Confirm with . or Enter, or press ? or * to list all spells.
Aiming: Fulminant Prism (dangerous; 1% risk of failure)
Press: ? - help, Dir - move target You conjure a prism of explosive energy!
A fulminant prism comes into view.
The ironbound frostheart calls freezing cold from the walls.
The frost grips you!! You partially resist.
The frost grips your fulminant prism!!!
Your fulminant prism partially resists.
Your fulminant prism detonates feebly.
The ice encasing you melts away.
The ironbound frostheart calls freezing cold from the walls.
The frost grips you!! You partially resist.
You die...
Your body crumbles into a pile of gold.

## ########## ###
.########...##...### ##.##
..##.#...##...##...#####.#.#
##..#..##########.....###.##
.#####..# ##.....#.##
...#..### ##.....## ##..###
##...##.# #### ####...###≈≈≈
#### ##..@.### ≈≈≈##
#....#...### ≈#≈≈ #p...###
## ##≈ ###### .≈ { { ## {{{
{{ {{{ ## { ≈#≈##


You could see an ironbound frostheart.

Vanquished Creatures
  2 two-headed ogres (D:9)
  An ice statue (IceCv)
  3 freezing wraiths (D:8)
  4 ice devils (D:8)
  8 polar bears (IceCv)
  28 yaks
  A spriggan (D:9)
  2 wargs (D:9)
  An ice beast (D:6)
  4 orc warriors
  3 sky beasts
  An ogre (D:5)
  A black bear (D:6)
  15 wolves (IceCv)
  3 centaurs
  2 phantoms (D:6)
  2 kobold brigands
  4 bullfrogs
  3 scorpions
  7 wights
  5 killer bees (D:8)
  2 howler monkeys
  7 orc priests
  2 gnoll shamans
  2 iguanas
  7 orc wizards
  9 mummies
  Robin (D:3)
  11 gnolls
  5 adders
  2 shadow imps
  4 white imps (D:8)
  3 ufetubi
  4 dart slugs
  19 orcs
  6 ball pythons
  6 endoplasms
  3 giant cockroaches
  10 goblins
  13 hobgoblins
  4 quokkas
  6 bats
  2 frilled lizards
  3 hobgoblin zombies (Ossuary)
  13 kobolds
  2 kobold zombies (Ossuary)
  3 orc zombies (Ossuary)
  7 rats
256 creatures vanquished.

Vanquished Creatures (others)
  150 fulminant prisms
  8 fungi (D:9)
  9 plants
167 creatures vanquished.

Grand Total: 423 creatures vanquished

Notes
Turn   | Place    | Note
-------+----------+-------------------------------------------
     0 | D:1      | beng the Demonspawn Conjurer began the quest for the Orb.
     0 | D:1      | Reached XP level 1. HP: 13/13 MP: 3/3
   286 | D:1      | Gained mutation: You regenerate magic rapidly. [demonic
                  | ancestry]
   286 | D:1      | Reached XP level 2. HP: 19/19 MP: 1/5
   560 | D:1      | Learned a level 2 spell: Searing Ray
  1360 | D:2      | Gained mutation: You have a pair of small antennae on your
                  | head. [demonic ancestry]
  1360 | D:2      | Reached XP level 3. HP: 24/24 MP: 4/6
  2118 | D:3      | Found a faded altar of an unknown god.
  2544 | D:4      | Reached skill level 5 in Conjurations
  2544 | D:4      | Gained mutation: You are partially covered in slimy green
                  | scales. (AC +2) [demonic ancestry]
  2544 | D:4      | Reached XP level 4. HP: 14/30 MP: 8/8
  2878 | D:4      | Noticed Robin
  2902 | D:3      | Learned a level 4 spell: Fulminant Prism
  3033 | D:3      | Killed Robin
  3376 | D:4      | Reached skill level 1 in Hexes
  3376 | D:4      | Gained mutation: You have a pair of antennae on your head.
                  | [demonic ancestry]
  3376 | D:4      | Reached XP level 5. HP: 35/35 MP: 2/9
  3487 | D:4      | Reached skill level 6 in Conjurations
  3487 | D:4      | Reached XP level 6. HP: 41/41 MP: 5/11
  3614 | D:4      | Found an opulent altar of Gozag.
  3622 | D:4      | Became a worshipper of Gozag Ym Sagoz the Greedy
  4159 | D:5      | Entered Level 5 of the Dungeon
  4269 | D:5      | Found a hazy altar of Hepliaklqana.
  4558 | D:5      | Noticed an orc warrior
  4616 | D:5      | Noticed a sky beast
  4681 | D:5      | Reached XP level 7. HP: 46/46 MP: 12/12
  4742 | D:5      | Reached skill level 7 in Conjurations
  5494 | D:6      | Gained mutation: You regenerate a little health from kills.
                  | [demonic ancestry]
  5494 | D:6      | Reached XP level 8. HP: 45/52 MP: 8/15
  5544 | D:6      | Found a sand-covered staircase.
  5564 | Ossuary  | Entered an ossuary
  5599 | Ossuary  | Reached skill level 8 in Conjurations
  5792 | Ossuary  | Learned a level 4 spell: Iskenderun's Mystic Blast
  5944 | D:6      | Reached skill level 5 in Spellcasting
  6002 | D:6      | Found Jyawkaj's Distillery.
  6011 | D:6      | Reached skill level 1 in Translocations
  6081 | D:6      | Bought a potion of berserk rage for 75 gold pieces
  6081 | D:6      | Bought a potion of attraction for 45 gold pieces
  6081 | D:6      | Bought a potion of ambrosia for 120 gold pieces
  6334 | D:6      | Found Bashros's General Store.
  6338 | D:6      | Bought a potion of haste for 120 gold pieces
  6338 | D:6      | Bought a +2 buckler of reflection for 222 gold pieces
  6338 | D:6      | Bought a scroll of enchant armour for 90 gold pieces
  6430 | D:6      | Found Weoline's Assorted Antiques.
  6436 | D:6      | Bought a fuming yellow potion for 18 gold pieces
  6436 | D:6      | Bought a scroll labelled SIOGICV LIEMIE for 20 gold pieces
  6436 | D:6      | Bought a scroll labelled JIOFFA NORADU for 20 gold pieces
  6840 | D:6      | Found Yburiegg's General Store.
  6849 | D:6      | Bought a scroll of fog for 20 gold pieces
  7196 | D:6      | Reached skill level 1 in Shields
  7506 | D:7      | Reached skill level 9 in Conjurations
  7513 | D:7      | Paralysed by an orc wizard for 4 turns
  7520 | D:7      | Paralysed by an orc wizard for 6 turns
  7779 | D:7      | Found a staircase to the Ecumenical Temple.
  7795 | D:7      | Reached XP level 9. HP: 52/57 MP: 13/17
  8502 | D:8      | Learned a level 2 spell: Blink
  8588 | D:8      | Reached skill level 10 in Conjurations
  8658 | D:8      | Noticed a freezing wraith
  8766 | D:8      | Noticed an ice devil
  8828 | D:8      | Killed a freezing wraith
  8868 | D:8      | Found an ornate altar of the Wu Jian Council.
  8912 | D:8      | Noticed an ice devil
  8913 | D:8      | Noticed a freezing wraith
  8929 | D:8      | Killed an ice devil
  8983 | D:8      | Noticed an ice devil
  8999 | D:8      | Killed an ice devil
  9000 | D:8      | Reached XP level 10. HP: 63/63 MP: 9/20
  9208 | D:8      | Reached skill level 11 in Conjurations
  9355 | D:8      | Found the +8 frozen axe "Frostbite" {freezing cloud, *Noise
                  | Fly rC+}
  9773 | D:9      | Noticed a two-headed ogre
  9773 | D:9      | Noticed a two-headed ogre
  9856 | D:9      | Killed a two-headed ogre
  9921 | D:9      | Reached skill level 12 in Conjurations
 10339 | D:9      | Found a blossoming altar of Fedhas.
 10469 | D:9      | Noticed a two-headed ogre
 10478 | D:9      | Killed a two-headed ogre
 10479 | D:9      | Gained mutation: You have a pair of large antennae on your
                  | head. (SInv) [demonic ancestry]
 10479 | D:9      | Reached XP level 11. HP: 68/68 MP: 13/23
 10520 | D:9      | Reached skill level 13 in Conjurations
 10754 | D:9      | Found a staircase to the Lair.
 10916 | Lair:1   | Entered Level 1 of the Lair of Beasts
 10921 | D:9      | Found a shimmering altar of Xom.
 10968 | Lair:1   | Found a frozen archway.
 10981 | IceCv    | Entered an ice cave
 11613 | IceCv    | Reached skill level 14 in Conjurations
 11937 | IceCv    | Reached skill level 1 in Fighting
 11937 | IceCv    | Reached skill level 1 in Armour
 13118 | IceCv    | Noticed an ironbound frostheart
 13122 | IceCv    | Killed from afar by an ironbound frostheart

Illustrated notes

Levels and vault maps discovered:
D:1:      psy_arrival_radial01, layout_rooms, minmay_misc_feat_chi, st_stairs_4,
          serial_bayou_ford_a, hangedman_decor_slide_cut, corner_web_ring,
          minmay_misc_feat_secret_circle, minmay_tetromino_i2
D:2:      layout_loops_corners
D:3:      layout_loops_cross, hellmonk_ecumenical_altar_arch_garden,
          fountainhead
D:4:      layout_gridville, nicolae_gozag_cash_rules_everything_around_me,
          uniq_robin
D:5:      layout_cave_pools, nicolae_overflow_crystal_walls, st_stairs_8,
          nicolae_figureground_pulse
D:6:      layout_layer_cave, tso_oasis_becter, gup_ossuary_entry_pyramid,
          serial_shops, shop, nicolae_shop_stone, kennysheep_little_box,
          nicolae_shop_stone, corexii_corridor_pit, dk_noncrumbling_4,
          grunt_ministairs_3
D:7:      layout_rooms, temple_green
D:8:      layout_rooms, lemuel_round_altar, hellmonk_guarded_unrand_frostbite
D:9:      layout_loops_ring, mainiacjoe_overflow_six_doors_small,
          fedhas_altar_3, erik_lair_orcish_takeover,
          hellmonk_guarded_unrand_gyre_and_gimble
Lair:1:   layout_layer_cave, serial_bayou, serial_bayou_pond_a,
          serial_bayou_pond_e, serial_bayou_lagoon_b, serial_bayou_pond_a,
          serial_bayou_pond_a, serial_bayou_pond_e,
          portal_ice_cave_entry_pillars_2, grunt_forest_stairs_basic,
          cheibrodos_lair_caveside_slide, minmay_stone_trees_medium
IceCv:    ice_cave_caverns_01

Skill      XL: |  1  2  3  4  5  6  7  8  9 10 11 |
---------------+----------------------------------+-----
Stealth        | 2 3 |  3.5
Dodging        | 2 3 |  3.3
Conjurations   | 5 6 7 9 10 12 14 | 14.0
Spellcasting   | 3 4 5 6 8 9 |  9.1
Hexes          | 1 2 3 4 |  4.0
Translocations | 2 4 |  4.0
Shields        | 2 4 |  4.0
Fighting       | 2 |  2.8
Armour         | 2 |  2.0

Action                   |  1- 3 |  4- 6 |  7- 9 | 10-12 || total
-------------------------+-------+-------+-------+-------++-------
Melee: Short sword       |     7 |       |     4 |       ||    11
 Fire: Hunting sling     |    31 |    89 |    80 |   102 ||   302
Throw: Dart              |       |       |       |     4 ||     4
 Cast: Magic Dart        |    52 |     2 |    10 |     5 ||    69
       Searing Ray       |     1 |    19 |    24 |     4 ||    48
       Fulminant Prism   |       |     3 |    57 |    90 ||   150
       Iskenderun's Myst |       |       |    11 |    84 ||    95
  Use: Scroll            |     1 |     1 |     8 |     5 ||    15
       Potion            |       |       |     2 |       ||     2
Armor: Robe              |    14 |    40 |    13 |    24 ||    91
Dodge: Dodged            |    39 |    76 |    33 |    62 ||   210
Block: Buckler           |       |       |     6 |    35 ||    41
       Reflection        |       |       |     2 |     3 ||     5

Table legend: (Time is in decaauts)
 A = Elapsed time spent in this place.
 B = Non-inter-level travel time spent in this place.
 C = Inter-level travel time spent in this place.
 D = Time resting spent in this place.
 E = Time spent auto-exploring this place.
 F = Levels seen in this place.
 G = Mean time per level.
                   A        B        C        D        E       F      G
               +--------+--------+--------+--------+--------+-----+--------+
         Total |  13335 |  12637 |    698 |   1406 |   8264 |  12 | 1111.2 |
       Dungeon |  10864 |  10198 |    666 |   1092 |   6863 |   9 | 1207.1 |
          Lair |     45 |     13 |     32 |      0 |      0 |   1 |   45.0 |
       Ossuary |    258 |    258 |      0 |      0 |    175 |   1 |  258.0 |
      Ice Cave |   2167 |   2167 |      0 |    314 |   1226 |   1 | 2167.0 |
               +--------+--------+--------+--------+--------+-----+--------+

Top non-repeatable levels by time:
   IceCv: 2167 daAuts
     D:6: 2063 daAuts
     D:8: 1477 daAuts
     D:4: 1465 daAuts
     D:3: 1297 daAuts
     D:9: 1149 daAuts
     D:1: 942 daAuts
     D:5: 872 daAuts
     D:2: 871 daAuts
     D:7: 725 daAuts
 Ossuary: 258 daAuts
  Lair:1: 45 daAuts
